 Dungeon Crawl Stone Soup version 0.31-b1-22-gc680215f68 (webtiles) character file.

Game seed: 11159235352569805534

809 PaiMei the Grave Robber (level 7, 0/52 HPs)
             Began as a Demonspawn Necromancer on Jan 18, 2024.
             Killed from afar by a white imp (7 damage)
             ... with a puff of frost
             ... on level 6 of the Dungeon.
             The game lasted 00:08:06 (6503 turns).

PaiMei the Grave Robber (Demonspawn Necromancer)    Turns: 6503, Time: 00:08:07

Health: 0/52       AC:  5    Str:  8    XL:     7   Next: 61%
Magic:  13/13      EV: 13    Int: 17    God:
Gold:   214        SH:  0    Dex: 14    Spells: 6/14 levels left

rFire   . . .        e - +2 dagger (flame)
rCold   . . .        (no shield)
rNeg    . . .        h - +0 steam dragon scales
rPois   .            (no helmet)
rElec   .            (no cloak)
rCorr   .            (no gloves)
SInv    +            (no boots)
Will    .....        (no amulet)
Stlth   ++           o - ring of see invisible
HPRegen 0.28/turn    (no ring)
MPRegen 0.13/turn

%: no passive effects
@: no status effects
A: demonic magic 1, weakness stinger 2, demonic touch 1
a: no special abilities


You were on level 6 of the Dungeon.
You visited 1 branch of the dungeon, and saw 6 of its levels.

You collected 214 gold pieces.

Inventory:

Hand Weapons
 e - a +2 dagger of flaming (weapon)
Missiles
 r - 5 poisoned darts (quivered)
Armour
 a - a +0 robe
 h - +0 steam dragon scales (worn)
 w - a +0 kite shield
Jewellery
 o - a ring of see invisible (left hand)
Wands
 y - a wand of polymorph (9)
Scrolls
 g - a scroll of fear {unknown}
 j - 3 scrolls of teleportation {unknown}
 k - 2 scrolls of enchant armour {unknown}
 p - a scroll of blinking {unknown}
 q - 2 scrolls of enchant weapon {unknown}
 t - a scroll of amnesia {unknown}
 x - a scroll of torment {unknown}
 z - 2 scrolls of identify {unknown}
 B - a scroll of poison {unknown}
 C - a scroll of fog {unknown}
Potions
 b - a potion of magic
 c - a potion of brilliance {unknown}
 d - 2 potions of attraction {unknown}
 f - 3 potions of curing {unknown}
 i - a potion of cancellation {unknown}
 l - a potion of might {unknown}
 m - a potion of heal wounds {unknown}
 n - 2 potions of resistance {unknown}
 s - 2 potions of lignification {unknown}
 u - 3 potions of degeneration {unknown}
 v - a potion of haste {unknown}
 A - a potion of ambrosia {unknown}


   Skills:
 + Level 3.6 Fighting
 + Level 4.2 Dodging
 - Level 2.2 Stealth
 + Level 4.3 Spellcasting
 + Level 6.4 Necromancy


You had 6 spell levels left.
You knew the following spells:

 Your Spells              Type           Power      Damage    Failure   Level
a - Necrotise             Necr           100%       1d9       1%          1
b - Vampiric Draining     Necr           25%        2d7       3%          3
c - Animate Dead          Necr           25%        N/A       11%         4

Your spell library contained the following spells:

 Spells                   Type           Power      Damage    Failure   Level
 Kiss of Death            Conj/Necr      56%        2d9       4%          1
 Dispel Undead            Necr           25%        3d12      11%         4
 Curse of Agony           Necr           25%        N/A       30%         5
 Confusing Touch          Hex            3%         N/A       41%         3


Dungeon Overview and Level Annotations

Branches:
Dungeon (6/15)
 Temple: D:4-7

Altars:
Xom

Annotations:
D:1 2 runed translucent doors


Innate Abilities, Weirdness & Mutations

Spells you cast may paralyse adjacent enemies.
You have a tail ending in a sharp stinger.
Your touch may inflict minor irresistible damage on your foes.


Message History

Casting: Necrotise (safe; 1% risk of failure)
Confirm with . or Enter, or press ? or * to list all spells.
Aiming: Necrotise (safe; 1% risk of failure)
Press: ? - help, Shift-Dir - straight line, f/p - hound
Aim: a hound (almost dead, chance to affect: 88%)
The hound writhes in agony!
You kill the hound!
Malevolent energies surge around you.
The dead are walking!
Casting: Necrotise (safe; 1% risk of failure)
Confirm with . or Enter, or press ? or * to list all spells.
You can't see any susceptible monsters within range! (Use Z to cast anyway.)
Casting: Necrotise (safe; 1% risk of failure)
Confirm with . or Enter, or press ? or * to list all spells.
You can't see any susceptible monsters within range! (Use Z to cast anyway.)
You start resting.
Magic restored.
You start waiting.
Your hound skeleton crumbles into dust!
A white imp is nearby!
A white imp is nearby!
Found a scroll labelled DEVEEJ TUNIRGH and 16 gold pieces.
An ogre comes into view. It is wielding a +0 giant club.
You start waiting.
A white imp is nearby!
A white imp is nearby!
The white imp shouts, "Scamper home, thou wayward ill-breeding deadneck!"
The acid dragon roars!
The white imp gestures at you. The puff of frost misses you.
The white imp gestures at you. The puff of frost hits you!
The white imp gestures at you. The puff of frost hits you!
The acid dragon spits acid at you. The splash of acid hits you!!
Ouch! That really hurt!
* * * LOW HITPOINT WARNING * * *
The white imp gestures at you. The puff of frost hits you!
You die...

.........###.#.##...##.
.)......##.........## .
.........).........# .
..#..#.......D.....# #
............5..##..#
...................#
#.##..##....#.##...# #
###.....###....##
#.@....# #...####
##.....# ##..#..#
##....# #......# ##..##
#...#.## #### #######


You could see an acid dragon (catching breath) and a white imp.

Vanquished Creatures
  A water moccasin (D:5)
  A black bear (D:4)
  A gnoll sergeant (D:4)
  A bombardier beetle (D:3)
  4 hounds
  A jelly (D:5)
  An orc priest (D:5)
  3 iguanas
  2 orc wizards
  4 gnolls
  5 adders
  A shadow imp (D:5)
  A dart slug (D:3)
  2 ribbon worms
  16 orcs
  7 ball pythons
  2 endoplasms
  7 giant cockroaches
  11 hobgoblins
  3 jackals (D:3)
  8 quokkas
  6 bats
  6 frilled lizards
  11 goblins
  4 kobolds
  3 rats
112 creatures vanquished.

Vanquished Creatures (collateral kills)
  A dart slug (D:3)
  An orc (D:5)
2 creatures vanquished.

Grand Total: 114 creatures vanquished

Notes
Turn   | Place    | Note
-------+----------+-------------------------------------------
     0 | D:1      | PaiMei the Demonspawn Necromancer began the quest for the
                  | Orb.
     0 | D:1      | Reached XP level 1. HP: 13/13 MP: 3/3
   391 | D:1      | Discovered your monstrous ancestry.
   391 | D:1      | Gained mutation: You have a small tail. [demonic ancestry]
   391 | D:1      | Reached XP level 2. HP: 19/19 MP: 1/5
   444 | D:1      | Found a large runed translucent door.
   444 | D:1      | Found a large runed translucent door.
   445 | D:1      | Noticed an ogre
   445 | D:1      | Noticed an ogre
   446 | D:1      | Noticed an ogre
   446 | D:1      | Noticed an ogre
  1267 | D:2      | Gained mutation: You have a tail ending in a sharp stinger.
                  | [demonic ancestry]
  1267 | D:2      | Reached XP level 3. HP: 24/24 MP: 4/6
  1271 | D:2      | Learned a level 3 spell: Vampiric Draining
  1366 | D:2      | Found a faded altar of an unknown god.
  2383 | D:3      | Gained mutation: Your touch may inflict minor irresistible
                  | damage on your foes. [demonic ancestry]
  2383 | D:3      | Reached XP level 4. HP: 31/31 MP: 1/7
  2388 | D:3      | Reached skill level 1 in Fighting
  2388 | D:3      | Reached skill level 5 in Necromancy
  2653 | D:3      | Found a shimmering altar of Xom.
  2750 | D:3      | Reached XP level 5. HP: 35/37 MP: 2/9
  3759 | D:4      | Noticed a black bear
  3952 | D:4      | Reached XP level 6. HP: 44/44 MP: 1/11
  5295 | D:4      | Learned a level 4 spell: Animate Dead
  5296 | D:5      | Entered Level 5 of the Dungeon
  5296 | D:5      | Noticed a water moccasin
  5304 | D:5      | Killed a water moccasin
  5305 | D:5      | Reached skill level 6 in Necromancy
  5305 | D:5      | Gained mutation: Spells you cast may paralyse adjacent
                  | enemies. [demonic ancestry]
  5305 | D:5      | Reached XP level 7. HP: 34/52 MP: 1/13
  6503 | D:6      | Killed from afar by a white imp

Illustrated notes

Levels and vault maps discovered:
D:1:      erik_arrival_cave_to_civilisation [erik_arrival_cave_to_temple],
          layout_rooms
D:2:      layout_basic, dreamdust_ecumenical_altar_grove,
          chequers_serial_rivers_marsh
D:3:      layout_basic, lemuel_crystal_altar, amcnicky_mini_pool_small
D:4:      layout_cave_pools, lightli_minifort
D:5:      layout_rooms
D:6:      layout_cave_pools, mainiacjoe_overflow_alcove_1, temple_pool_b

Skill      XL: |  1  2  3  4  5  6  7 |
---------------+----------------------+-----
Stealth        | 2 |  2.2
Dodging        | 2 3 4 |  4.2
Fighting       | 1 2 3 |  3.6
Necromancy     | 5 6 |  6.4
Spellcasting   | 3 4 |  4.3

Action                     |  1- 3 |  4- 6 |  7- 9 || total
---------------------------+-------+-------+-------++-------
  Melee: Dagger            |     3 |     9 |     6 ||    18
         Touch             |       |     3 |     1 ||     4
         Tailslap          |       |       |     1 ||     1
   Cast: Necrotise         |    77 |   136 |    41 ||   254
         Vampiric Draining |       |     5 |     1 ||     6
 Armour: Robe              |     1 |       |       ||     1
         Steam dragon scal |     7 |    46 |     8 ||    61
  Dodge: Dodged            |    14 |    43 |     9 ||    66
